[Event "*** SCC Grand Prix: Titled Tuesday Blitz"]
[Site "Chess.com"]
[Date "2020.07.21"]
[Round "2"]
[White "okriak"]
[Black "Jbd735"]
[Result "1-0"]
[WhiteElo "2699"]
[BlackElo "2468"]
[TimeControl "180+1"]
[EndTime "10:18:30 PDT"]
[Termination "okriak won by resignation"]

1. Nf3 d5 2. e3 c6 3. c4 Nf6 4.
Nc3 e6 5. b3 Nbd7 6. Bb2 Bd6 7.
d4 O-O 8. Bd3 Qe7 9. Qc2 dxc4 10.
bxc4 e5 11. O-O Re8 12. c5 Bc7 13. Ng5 h6 14. Nge4 exd4 15. exd4 Bxh2+ 16. Kxh2 Ng4+ 17. Kg3 Ndf6 18. Nxf6+ Qxf6 19. Ne4 Qg6 20. Nd6 Qg5 21. f4 Re3+ 22. Rf3 Qh5 23. Rxe3 Nxe3 24. Qe2 Qxe2 25. Bxe2 Be6 26. Kf2 Nd5 27. f5 Bd7 28. Bc4 Kf8 29. Bxd5 cxd5 30. Re1 Bc6 31. Bc1 b6 32. f6 bxc5 33. dxc5 Rb8 34. fxg7+ Kxg7 35. Nf5+ Kf6 36. Nd4 Ba4 37. Bxh6 Rb2+ 38. Re2 Rb4 39. Bf4 Kg6 40.
Rd2 f6 41. Bd6 Rc4 42. Ke3 Kg5 43. Bf4+ Kg4 44. g3 Rc3+ 45. Rd3 Rxc5 46. Ra3 Rc4 47. Kd3 a6 48. Ne2 Bb5 49. Kd2 Re4 50. Nc3 Rd4+ 51. Ke1 Rc4 52. Nxb5 axb5 53. Rd3 d4 54. Kd2 b4 55.
Rb3 Rc3 56. Rxc3 dxc3+ 57. Kc2 Kf3 58. Bd6 f5 59. Bxb4 Kxg3 60. Kxc3 Kf4 61. Kd4 Kg5 62.
Kd5 Kf6 63. Kc6 Ke6 64. a4 f4 65. a5 f3 66. Bc5 f2 67. Bxf2 Ke7 68. a6 Kd8 69. a7 Ke7 70. a8=Q 1-0

[Event "*** SCC Grand Prix: Titled Tuesday Blitz"]
[Site "Chess.com"]
[Date "2020.07.21"]
[Round "2"]
[White "Roza_Idrisova"]
[Black "Slovak_fighter2000"]
[Result "1/2-1/2"]
[WhiteElo "2252"]
[BlackElo "2450"]
[TimeControl "180+1"]
[EndTime "10:18:31 PDT"]
[Termination "Game drawn by repetition"]

1. d4 e5 2. dxe5 Nc6 3. Nf3 Qe7 4. Bf4 Qb4+ 5. Bd2 Qxb2 6. Nc3 Bb4 7. Rb1 Qxc3 8. Bxc3 Bxc3+ 9. Nd2 Nxe5 10. Rb3 Ba5 11.
e3 Nf6 12. Bd3 d6 13. O-O O-O 14. Nc4 Nxc4 15. Bxc4 Bb6 16. Bd3 Be6 17. Rb2 d5 18. h3 c6 19. Qa1 Rab8 20. Rfb1 Nd7 21. a4 Nc5 22. a5 Bc7 23. Qa3 b6 24. axb6 axb6 25.
Ra2 Bd6 26. Qc3 Rfc8 27. Rba1 Nd7 28. Ra7 Be5 29. Qe1 Bxa1 30. Qxa1 Nc5 31. Be2 Ne4 32. Bf3 Nf6 33. Qe5 h6 34. g4 b5 35. Be2 Ra8 36.
Rxa8 Rxa8 37. Qc7 Rc8 38. Qb7 Ne8 39. f4 g6 40. Bd3 Nd6 41. Qe7 Nc4 42. Kf2 Rf8 43. Qc7 Rc8 44. Qe7 Rf8 45. Qf6 Bc8 46. Bxc4 bxc4 47. Qxc6 Be6 48. c3 Rd8 49. Kg3 Rf8 50.
h4 Kg7 51. g5 hxg5 52. hxg5 Rc8 53. Qd6 Rf8 54. Qe5+ Kg8 55. Qf6 Re8 56. Qd4 Rf8 57.
Kf2 Re8 58. Qf6 Rf8 59. Qd4 Re8 60. Qf6 Rf8 61. Qd4 1/2-1/2

[Event "*** SCC Grand Prix: Titled Tuesday Blitz"]
[Site "Chess.com"]
[Date "2020.07.21"]
[Round "2"]
[White "seorobert1971"]
[Black "elohunter1999"]
[Result "1/2-1/2"]
[WhiteElo "2699"]
[BlackElo "2482"]
[TimeControl "180+1"]
[EndTime "10:18:32 PDT"]
[Termination "Game drawn by repetition"]

1. e4 e5 2. Nf3 Nf6 3. Nxe5 d6 4.
Nf3 Nxe4 5. Nc3 Nxc3 6. dxc3 Be7 7. Be3 O-O 8. Qd2 Nd7 9. O-O-O Nf6 10. Kb1 c5 11. h3 Be6 12. Ng5 Bd5 13. c4 Bc6 14. Bd3 h6 15. h4 d5 16. Nf3 dxc4 17. Bxc4 Qxd2 18. Rxd2 b5 19. Bd3 Rfd8 20. Re1 Nd5 21. Be4 Nc3+ 22. bxc3 Bxe4 23. Bxh6 Bxf3 24. Rxe7 Bxg2 25. Rxd8+ Rxd8 26. Be3 a5 27. Bxc5 a4 28. Bd4 Bf1 29. Kb2 Bc4 30. a3 Rd5 31. Re3 Rh5 32. Rg3 g6 33. Rg4 Be6 34. Re4 Rf5 35. Kc1 Kh7 36.
Kd2 Kh6 37. Ke3 Kh5 38. Rf4 Rxf4 39. Kxf4 Kxh4 40. f3 Bf5 41. Ke3 Bxc2 42. Kf4 Bb3 43. Ke3 g5 44. Bf6 Kh5 45. f4 g4 46. Kf2 Kg6 47.
Bd4 Kf5 48. Kg3 Bd1 49. Bc5 Ke4 50. Bd4 f5 51. Bc5 Kd5 52. Bb4 Kc4 53. Kf2 Kd3 54. Kg3 Ke2 55. Bc5 Bb3 56. Bb4 Bc4 57. Bc5 Kd3 58.
Bb4 Kc2 59. Ba5 Kb3 60. Bb4 Kc2 61. Kf2 Kd3 62. Kg3 Ke4 63. Bc5 Kd3 64. Bb4 1/2-1/2

[Event "*** SCC Grand Prix: Titled Tuesday Blitz"]
[Site "Chess.com"]
[Date "2020.07.21"]
[Round "2"]
[White "Diego_FloresQ"]
[Black "monalize"]
[Result "0-1"]
[WhiteElo "2485"]
[BlackElo "2282"]
[TimeControl "180+1"]
[EndTime "10:18:32 PDT"]
[Termination "monalize won on time"]

1. e4 c5 2. Nf3 d6 3. d4 cxd4 4. Nxd4 Nf6 5. Nc3 a6 6. Bg5 e6 7.
Qe2 h6 8. Bh4 b5 9. f4 Be7 10.
O-O-O Qc7 11. g3 b4 12. Nb1 Nxe4 13. Bxe7 Qxe7 14. Bg2 d5 15. Bxe4 dxe4 16. Qxe4 Bb7 17. Qe5 O-O 18. Rhe1 Nd7 19. Qc7 Bd5 20. Nf5 Qd8 21.
Qxd8 Rfxd8 22. Ne7+ Kf8 23. Nxd5 exd5 24. Rxd5 Nf6 25.
Rxd8+ Rxd8 26. Nd2 h5 27. Nf3 Ng4 28. c3 bxc3 29. bxc3 Rd3 30. Ng5 Rxc3+ 31. Kb2 Rc7 32. Re2 g6 33. Kb3 Rb7+ 34. Ka4 Rb5 35. Ne4 Kg7 36. h3 Nf6 37. Nd6 Rd5 38. Nc4 Rd3 39. Re3 Rd4 40. Kb3 Nd5 41. Rf3 h4 42. gxh4 Nxf4 43.
Ne5 f5 44. h5 g5 45. Kc3 Re4 46. Nd3 Nxd3 47. Kxd3 Re5 48. Kd4 Ra5 49. a3 Kh6 50. Rb3 Kxh5 51. Rd3 Kh4 52. Kc4 g4 53. hxg4 fxg4 54.
Kb4 Rg5 55. Rd1 a5+ 0-1

[Event "*** SCC Grand Prix: Titled Tuesday Blitz"]
[Site "Chess.com"]
[Date "2020.07.21"]
[Round "2"]
[White "DonPreuss"]
[Black "Gulkov_Igor"]
[Result "0-1"]
[WhiteElo "2165"]
[BlackElo "2422"]
[TimeControl "180+1"]
[EndTime "10:18:32 PDT"]
[Termination "Gulkov_Igor won by resignation"]

1. d4 Nf6 2. Nc3 d5 3. e4 Nxe4 4. Nxe4 dxe4 5. Bc4 Bf5 6. c3 e6 7. Ne2 c5 8. d5 Be7 9. O-O O-O 10. Ng3 Nd7 11. dxe6 Bxe6 12. Bxe6 fxe6 13. Nxe4 Nf6 14. Qe2 Nxe4 15. Qxe4 Qd5 16. Re1 Qxe4 17. Rxe4 Kf7 18. Bf4 Rac8 19. Rae1 Rc6 20. Rd1 Rd8 21. Rxd8 Bxd8 22.
Kf1 Bf6 23. Re2 c4 24. Rd2 Ke8 25. Ke2 b5 26. Rd6 Rxd6 27. Bxd6 Kd7 28. Bc5 a6 29.
Ke3 Kc6 30. Ba3 Kd5 31. f3 g6 32. g3 h5 33. h3 Bd8 34. g4 Bc7 35. b3 cxb3 36.
axb3 a5 37. gxh5 gxh5 38. f4 a4 39. bxa4 bxa4 40. Kd3 Bxf4 41. Be7 Bd6 42. Bg5 a3 43. Bc1 a2 44. Bb2 e5 45. Ke3 e4 46. c4+ Kxc4 47. Kxe4 Bc5 48. h4 Bb4 49. Kf5 Bc3 50. Bxc3 Kxc3 51.
Kg5 a1=Q 52. Kxh5 Qa6 0-1

[Event "*** SCC Grand Prix: Titled Tuesday Blitz"]
[Site "Chess.com"]
[Date "2020.07.21"]
[Round "2"]
[White "Agnes66678"]
[Black "DenLaz"]
[Result "0-1"]
[WhiteElo "2474"]
[BlackElo "2711"]
[TimeControl "180+1"]
[EndTime "10:18:33 PDT"]
[Termination "DenLaz won by resignation"]

1. Nf3 d5 2. g3 c6 3. Bg2 Bf5 4. O-O e6 5. d3 Nf6 6. Nh4 Bg4 7. h3 Bh5 8. f4 Be7 9. Qe1 Nfd7 10. Nf3 O-O 11. e4 Bxf3 12. Bxf3 a5 13. Nc3 a4 14. a3 Qb6+ 15. Kh2 Bf6 16. e5 Be7 17. Rb1 c5 18. d4 cxd4 19. Ne2 Nc6 20. Qd2 Rfc8 21. Rd1 Qa6 22.
b4 axb3 23. cxb3 Bxa3 24. Ra1 Bxc1 25. Rxa6 Bxd2 26. Rxa8 Rxa8 27. Rxd2 Nc5 28. b4 Nxb4 29. Nxd4 Ra2 30. Rxa2 Nxa2 31. Be2 Nc3 32. Bb5 Nxb5 33. Nxb5 Kf8 34. Kg2 Ke7 35. Kf3 Ne4 36. g4 Kd7 37. Ke3 Kc6 38. Nd4+ Kc5 39. f5 exf5 40. gxf5 Kb6 41.
e6 fxe6 42. fxe6 Kc7 43. Nb5+ Kd8 44. Kd4 Nf6 45. Ke5 Ke7 46. Nd4 g6 47. Nb5 Nh5 48. Na7 d4 49. Nc8+ Kd8 50. Nb6 d3 51. Nc4 b5 52.
Nd2 Ke7 53. h4 Ng7 54. Nb3 Nxe6 55. Ke4 Kf6 56. Kxd3 Kf5 57. Kc3 Kg4 58. Kb4 Kxh4 59. Kxb5 g5 60. Kc6 g4 61. Kd5 Ng5 62. Nd2 g3 63. Ke5 g2 0-1

[Event "*** SCC Grand Prix: Titled Tuesday Blitz"]
[Site "Chess.com"]
[Date "2020.07.21"]
[Round "2"]
[White "RobertoJBM"]
[Black "RenarddesSurfaces"]
[Result "1/2-1/2"]
[WhiteElo "2648"]
[BlackElo "2423"]
[TimeControl "180+1"]
[EndTime "10:18:33 PDT"]
[Termination "Game drawn - insufficient material"]

1. d4 d5 2. c4 dxc4 3. Nf3 Nf6 4. e3 e6 5. Bxc4 a6 6. a4 c5 7. O-O Nc6 8. Qe2 cxd4 9. Rd1 Be7 10. exd4 O-O 11. Nc3 Nb4 12. Bg5 Bd7 13. Bxf6 Bxf6 14. d5 exd5 15. Nxd5 Nxd5 16. Bxd5 Qb6 17. Qc4 Rac8 18.
Qa2 Qxb2 19. Qxb2 Bxb2 20. Rab1 Bxa4 21. Rf1 Bf6 22. Rxb7 Rcd8 23. Bc4 Rd7 24. Rxd7 Bxd7 25. Bxa6 Be6 26. Rc1 h5 27. h3 g6 28. Rc2 Ra8 29.
Bc4 Rc8 30. Bd3 Rd8 31. Bc4 Rc8 32. Bd3 Rd8 33. Be4 Rd1+ 34. Kh2 Be7 35. g3 Kg7 36. h4 Bd6 37. Kg2 Ra1 38. Ng5 Bb3 39. Rd2 Be7 40. Bd5 Bxd5+ 41. Rxd5 Bxg5 42. hxg5 Ra6 43. f4 Re6 44. Kf3 Re7 45. Rd3 Re6 46. g4 hxg4+ 47. Kxg4 Ra6 48. Rd7 Re6 49. Rc7 Rd6 50. Re7 Rb6 51. Re5 Rc6 52. Re4 Ra6 53. f5 gxf5+ 54. Kxf5 Ra5+ 55. Kf4 Ra6 56. Kg4 Rg6 57. Kf5 Re6 58. Rd4 Rg6 59. Rd7 Re6 60. Rd8 Rg6 61. Re8 Re6 62. Rxe6 fxe6+ 63. Kxe6 Kg6 64.
Ke5 Kxg5 1/2-1/2

[Event "*** SCC Grand Prix: Titled Tuesday Blitz"]
[Site "Chess.com"]
[Date "2020.07.21"]
[Round "2"]
[White "dretch"]
[Black "MagnusSeinFanboy"]
[Result "1-0"]
[WhiteElo "2828"]
[BlackElo "2540"]
[TimeControl "180+1"]
[EndTime "10:18:36 PDT"]
[Termination "dretch won by checkmate"]

1. d4 Nf6 2. c4 e6 3. Nc3 Bb4 4. Qc2 d5 5. cxd5 Qxd5 6. Nf3 Qf5 7. Qxf5 exf5 8. Bd2 c6 9. e3 O-O 10. Bd3 g6 11. O-O Nbd7 12. Rfc1 Nb6 13. a3 Bd6 14. a4 a5 15. b3 Be6 16. Ng5 Bxb3 17. Rcb1 Bc4 18.
Bxf5 Nbd5 19. Nxd5 Nxd5 20. Rc1 Bb3 21. Bc2 Bxc2 22.
Rxc2 Rfe8 23. Kf1 Nb4 24. Rcc1 Re7 25. h3 f6 26. Nf3 Kf7 27. Ne1 f5 28. Rab1 Rd8 29.
Nc2 Nd5 30. Rb2 Kg8 31. Rcb1 b6 32. Rc1 Rde8 33. Rb3 f4 34. Ke2 fxe3 35. Nxe3 Nf4+ 36. Kf1 c5 37. Nc4 Bc7 38. dxc5 bxc5 39. Nxa5 Be5 40. Nc6 Rf7 41. Nxe5 Rxe5 42. Rf3 Ne6 43. Rxf7 Kxf7 44.
a5 Nd4 45. a6 Nc6 46. Be3 Re7 47. Rxc5 Na7 48. h4 h5 49. Ke2 Rd7 50. Kf3 Kg7 51. g4 Kf7 52. gxh5 gxh5 53. Rxh5 Nc6 54. Rh7+ Ke6 55. Rxd7 Kxd7 56. a7 Nxa7 57. Bxa7 Ke6 58.
Be3 Kf5 59. h5 Kf6 60. Kg4 Ke5 61. Kg5 Ke6 62. Kg6 Ke7 63. Kg7 Ke6 64. h6 Kf5 65. h7 Kg4 66. h8=Q Kf3 67. Qh5+ Kg2 68. Kf6 Kf1 69. Ke5 Kg2 70. Kf4 Kf1 71. Kf3 Kg1 72. Qh6 Kf1 73. Qh1# 1-0

[Event "*** SCC Grand Prix: Titled Tuesday Blitz"]
[Site "Chess.com"]
[Date "2020.07.21"]
[Round "2"]
[White "Zenzo"]
[Black "Beca95"]
[Result "0-1"]
[WhiteElo "2537"]
[BlackElo "2827"]
[TimeControl "180+1"]
[EndTime "10:18:36 PDT"]
[Termination "Beca95 won by resignation"]

1. e4 c5 2. Nf3 Nc6 3. d4 cxd4 4. Nxd4 Nf6 5. Nc3 d6 6. Bg5 Bd7 7. Qd2 Rc8 8. O-O-O Nxd4 9. Qxd4 Qa5 10. Bxf6 gxf6 11. Kb1 a6 12. f4 Qc5 13. Qd2 h5 14. Be2 e6 15. Bf3 b5 16. f5 Qe5 17. Ne2 h4 18. h3 Ke7 19. fxe6 fxe6 20. Nf4 Rg8 21. Rhf1 Bh6 22. Nd5+ Qxd5 23. Qxh6 Qg5 24. Qxg5 Rxg5 25. Bg4 Rc4 26. Rfe1 Bc6 27. Bf3 Rcc5 28. b3 Rce5 29. Kb2 b4 30. a3 bxa3+ 31. Kxa3 a5 32. Kb2 Rg8 33. Ra1 Rb8 34. Kc3 Rc5+ 35. Kd2 Rb4 36. Re3 Re5 37. Kc3 Rbb5 38. Rae1 Rb4 39. Ra1 Rc5+ 40.
Kd2 e5 41. c4 a4 42. Bd1 axb3 43. Bxb3 Bd7 44. Kc3 Rb7 45. Re2 Be6 46. Rea2 Rxb3+ 47. Kxb3 Bxc4+ 48. Kb4 Bxa2 49. Rxa2 Ke6 50. Ra7 Rc2 51. Rh7 Rxg2 52. Rxh4 d5 53. Kc3 dxe4 54. Rh8 Kf5 55. h4 Kf4 56. h5 f5 57. h6 e3 58. Kd3 Rd2+ 59. Kc3 Rh2 60. h7 Ke4 61.
Kb3 f4 62. Kc3 f3 63. Rg8 Rxh7 64. Rg4+ Kf5 65. Ra4 f2 66. Ra1 e2 0-1

[Event "*** SCC Grand Prix: Titled Tuesday Blitz"]
[Site "Chess.com"]
[Date "2020.07.21"]
[Round "2"]
[White "Playgood28"]
[Black "biostatistician"]
[Result "0-1"]
[WhiteElo "2278"]
[BlackElo "2563"]
[TimeControl "180+1"]
[EndTime "10:18:36 PDT"]
[Termination "biostatistician won on time"]

1. d4 Nf6 2. c4 g6 3. Nc3 Bg7 4. Nf3 O-O 5. Bf4 b6 6. e3 Bb7 7.
Be2 c5 8. O-O cxd4 9. exd4 d5 10.
Ne5 Nc6 11. cxd5 Nxe5 12. Bxe5 Nxd5 13. Bxg7 Kxg7 14. Bf3 e6 15. Qe2 Nxc3 16. bxc3 Bxf3 17. Qxf3 Rc8 18. a4 Qf6 19. Qe3 Rc4 20. a5 b5 21. a6 Rfc8 22. Ra3 Qe7 23. Rfa1 Qc7 24. Rb1 Rxc3 25. Rxc3 Qxc3 26. Qe5+ Kg8 27. Qxb5 Qc1+ 28.
Qf1 Qxf1+ 29. Kxf1 Rc6 30. Rb8+ Kg7 31. Rd8 Rxa6 32.
d5 e5 33. Rd7 Kf6 34. Ke2 h5 35. h4 Ra2+ 36. Ke3 Ra3+ 37. Ke2 a5 38. g3 a4 39. Kd2 Ra2+ 40. Ke3 Ra3+ 41. Ke2 e4 42. d6 Rd3 43. Ra7 a3 44. d7 Ke6 45. Ra4 Kxd7 46. Rxe4 Rb3 47. Ra4 Rb2+ 48. Kf3 a2 49. Ra6 Kc7 50.
Ke3 Kb7 51. Ra3 Kb6 52. f3 Kb5 53. Kf4 Kb4 54. Ra7 Kb3 55. Kg5 Rb1 56. Kf6 a1=Q+ 57. Rxa1 Rxa1 58. Kxf7 Rg1 59. Kxg6 Rxg3+ 60. Kxh5 Kc4 0-1

[Event "*** SCC Grand Prix: Titled Tuesday Blitz"]
[Site "Chess.com"]
[Date "2020.07.21"]
[Round "2"]
[White "grunbergmihai"]
[Black "WIDBIFS"]
[Result "1-0"]
[WhiteElo "2427"]
[BlackElo "2650"]
[TimeControl "180+1"]
[EndTime "10:18:38 PDT"]
[Termination "grunbergmihai won by resignation"]

1. Nf3 Nf6 2. c4 g6 3. g3 Bg7 4. Bg2 O-O 5. O-O d6 6. d4 Nc6 7. Nc3 Bf5 8. b3 Ne4 9. Bb2 e5 10. d5 Nxc3 11. Bxc3 Ne7 12. Nd2 a5 13. e4 Bd7 14. a3 f5 15. b4 a4 16. c5 Bb5 17.
Re1 f4 18. g4 g5 19. f3 h5 20. h3 hxg4 21. hxg4 Ng6 22. Bf1 Qe8 23. Bxb5 Qxb5 24. Qe2 Qe8 25. Nc4 Qe7 26. cxd6 cxd6 27. b5 Rf6 28.
Bb4 Bf8 29. Kf2 Nh4 30. Rac1 Rh6 31. Rh1 Rc8 32. Nb6 Rxc1 33. Rxc1 Qh7 34. Rh1 Ng6 35.
Rxh6 Qxh6 36. Qf1 Qh4+ 37. Ke2 Qh2+ 38. Qf2 Qh1 39. Qf1 Qh2+ 40. Qf2 Qh1 41. Qf1 Qh7 42.
Nxa4 Qc7 43. Qd1 Qc4+ 44. Qd3 Qa2+ 45. Qd2 Qb1 46. Nc3 Qb3 47. Qd1 Qb2+ 48. Qd2 Qb3 49.
Qa2 Qxa2+ 50. Nxa2 Kf7 51. a4 Ke8 52. a5 Kd7 53. Nc1 Ne7 54. Nd3 Bg7 55. Nb2 Nc8 56. Nc4 Bf6 57. a6 bxa6 58. bxa6 Kc7 59. Bxd6+ Nxd6 60. Nxd6 Kb6 61. Ne8 Be7 62. d6 Bd8 63. Ng7 Kxa6 64.
Ne6 Bf6 65. d7 Kb7 66. d8=Q 1-0

[Event "*** SCC Grand Prix: Titled Tuesday Blitz"]
[Site "Chess.com"]
[Date "2020.07.21"]
[Round "2"]
[White "MendozaDavid2000"]
[Black "GianmarcoVaR"]
[Result "1-0"]
[WhiteElo "2282"]
[BlackElo "2465"]
[TimeControl "180+1"]
[EndTime "10:18:38 PDT"]
[Termination "MendozaDavid2000 won by checkmate"]

1. d4 Nf6 2. c4 e6 3. Nc3 Bb4 4. Qc2 d6 5. a3 Bxc3+ 6. Qxc3 Nbd7 7. Bg5 h6 8. Bh4 Qe7 9. e3 g5 10. Bg3 Ne4 11. Qc2 f5 12. f3 Nxg3 13. hxg3 Nf6 14. Bd3 Bd7 15. Ne2 Kf8 16. O-O-O Kg7 17. Nc3 a6 18. e4 fxe4 19. Nxe4 Raf8 20. Rde1 b6 21. g4 Nxe4 22. Rxe4 a5 23. Rhe1 Qf6 24. Kb1 Rf7 25.
c5 Rhf8 26. c6 Bc8 27. Qc3 Re7 28. Bc2 Kg8 29. R4e3 Qg7 30. Bb3 Rf6 31. d5 e5 32.
Bc2 Ref7 33. Ka1 Rf4 34. Be4 Ba6 35. Rh1 Qf8 36. Rh5 Kg7 37. Re1 R7f6 38. Reh1 Qf7 39. Bb1 Bc4 40. Qc2 e4 41. fxe4 Bf1 42. e5 dxe5 43.
Qh7+ Kf8 44. Qh8+ Qg8 45. Rxh6 Qxh8 46. Rxh8+ Ke7 47. Bf5 Kd6 48. R8h7 e4 49. Rd7+ Kc5 50. Rxc7 Bxg2 51. Rc1+ Kxd5 52. Rd7+ Ke5 53. c7 Rf8 54. c8=Q Rf1 55. Qc7+ Kf6 56. Rxf1 Bxf1 57. Qd6# 1-0

[Event "*** SCC Grand Prix: Titled Tuesday Blitz"]
[Site "Chess.com"]
[Date "2020.07.21"]
[Round "2"]
[White "AleksanderHnydiuk"]
[Black "Onischuk_V"]
[Result "1-0"]
[WhiteElo "2588"]
[BlackElo "2881"]
[TimeControl "180+1"]
[EndTime "10:18:39 PDT"]
[Termination "AleksanderHnydiuk won on time"]

1. Nf3 g6 2. c4 Bg7 3. d4 d6 4.
Nc3 Bg4 5. g3 Bxf3 6. exf3 e6 7.
Be3 Ne7 8. d5 exd5 9. cxd5 O-O 10. Bh3 Nd7 11. O-O Nb6 12. Bd4 c5 13. dxc6 Nxc6 14.
Bxg7 Kxg7 15. Nd5 Nxd5 16. Qxd5 Qf6 17. Rfd1 Rad8 18. Rd2 Rfe8 19. Rad1 Re5 20. Qb3 Qe7 21. f4 Re1+ 22. Bf1 Rxd1 23. Qxd1 Qf6 24. Bg2 Rd7 25. h4 Ne7 26. Qa4 Qe6 27. Kh2 a6 28. Bh3 Nf5 29. Qc2 d5 30. Re2 Qf6 31. Re5 Nd4 32. Qd3 Ne6 33. Rxd5 Rxd5 34. Qxd5 Qxb2 35. Bxe6 fxe6 36. Qxe6 Qxf2+ 37. Kh3 Qf1+ 38. Kh2 Qf2+ 39. Kh3 Qf1+ 40. Kh2 Qb5 41. Qe7+ Kg8 42. Qd8+ Kf7 43. Qc7+ Ke6 44. Qc8+ Kd5 45. Qc2 Qc4 46. Qd2+ Ke4 47. Kh3 Qf1+ 48. Kh2 h5 49. Qc2+ Qd3 50. Qg2+ Qf3 51.
Qc2+ Ke3 52. Qc3+ Kf2 53. Qd2+ Qe2 54. Qxe2+ Kxe2 55. g4 hxg4 56. Kg3 b5 57. h5 1-0

[Event "*** SCC Grand Prix: Titled Tuesday Blitz"]
[Site "Chess.com"]
[Date "2020.07.21"]
[Round "2"]
[White "Oglob71"]
[Black "S2PAc"]
[Result "0-1"]
[WhiteElo "2514"]
[BlackElo "2789"]
[TimeControl "180+1"]
[EndTime "10:18:39 PDT"]
[Termination "S2PAc won by resignation"]

1. d4 Nf6 2. Nf3 g6 3. c4 Bg7 4.
Nc3 O-O 5. Bg5 c6 6. e3 d6 7. Be2 Nbd7 8. h3 Qc7 9. Bf4 e5 10.
Bh2 Re8 11. O-O b6 12. Qc2 Bb7 13. Rfd1 h6 14. Rac1 Nf8 15. b4 a5 16. b5 c5 17.
dxe5 dxe5 18. Nd5 Nxd5 19. cxd5 Nd7 20. Bc4 Qd8 21. Nd2 f5 22. d6+ Kh7 23. Bf7 Rf8 24.
Be6 Qe8 25. Qb3 a4 26. Qc4 Rd8 27. Nb1 Rf6 28. Bd5 Bxd5 29. Rxd5 Qf7 30. Rcd1 Rxd6 31.
Na3 Rxd5 32. Qxd5 Qxd5 33. Rxd5 Bf6 34. Nc4 Nf8 35. Rxd8 Bxd8 36. Bxe5 Nd7 37. f4 Kg8 38. Kf2 Kf7 39. Kf3 Ke6 40. e4 h5 41. g4 hxg4+ 42.
hxg4 fxg4+ 43. Kxg4 Bf6 44. Bc7 Bd4 45. Nxb6 Nf6+ 46.
Kf3 a3 47. Nc4 Bb2 48. b6 Kd7 49. Be5 Bxe5 50. Nxe5+ Kc8 51. Nxg6 Kb7 52. e5 Nd5 53. Ke4 Nc3+ 54. Kd3 Nxa2 55. f5 Nb4+ 56. Kc3 a2 57. Kb2 c4 58. Nf4 Nd3+ 59. Nxd3 cxd3 60. e6 a1=Q+ 61. Kxa1 d2 62. Kb2 d1=Q 63. f6 Qe2+ 64. Kb3 Qxe6+ 0-1

[Event "*** SCC Grand Prix: Titled Tuesday Blitz"]
[Site "Chess.com"]
[Date "2020.07.21"]
[Round "2"]
[White "Fandorine"]
[Black "MomchilPetkov"]
[Result "1-0"]
[WhiteElo "2940"]
[BlackElo "2587"]
[TimeControl "180+1"]
[EndTime "10:18:40 PDT"]
[Termination "Fandorine won by resignation"]

1. e4 c5 2. Nf3 d6 3. c3 Nf6 4. g3 Bd7 5. e5 dxe5 6. Nxe5 Bc6 7. Nxc6 Qd5 8. Nxb8 Qxh1 9. Qa4+ Kd8 10. d3 Rxb8 11.
Qxa7 Rc8 12. Na3 e6 13. Nc4 Ke8 14. Be3 Qc6 15. Na5 Qa6 16. Qxa6 bxa6 17. d4 Nd5 18. Bxa6 Ra8 19. Bb5+ Ke7 20. Nb3 Nxe3 21. fxe3 cxd4 22.
exd4 h5 23. Ke2 h4 24. g4 Kf6 25. h3 g5 26. a4 Bd6 27. Nd2 Kg6 28. Bd3+ f5 29.
Rg1 Kf6 30. Bc2 Bf4 31. Nc4 Rhe8 32. Nb6 Ra7 33. Kf3 Rb8 34. Nc4 Rc7 35. b3 Rbc8 36.
Bd3 Rb8 37. Rb1 Rcb7 38. b4 Rc7 39. a5 Rbc8 40. a6 Rxc4 41. Bxc4 Rxc4 42. Rb3 Bb8 43. b5 Ba7 44. Ke3 Bb6 45. Kd3 Ra4 46. c4 fxg4 47.
hxg4 h3 48. c5 h2 49. Rb1 Bc7 50. b6 Rxa6 51. bxc7 Rc6 52. Rf1+ Kg6 53. Rh1 Rxc7 54. Rxh2 Rd7 55. Ke4 Rf7 56. Rc2 Rf4+ 57. Ke5 Rxg4 58. c6 Rg2 59. Rxg2 1-0

[Event "*** SCC Grand Prix: Titled Tuesday Blitz"]
[Site "Chess.com"]
[Date "2020.07.21"]
[Round "2"]
[White "AJSC02"]
[Black "sewin16"]
[Result "0-1"]
[WhiteElo "2086"]
[BlackElo "2387"]
[TimeControl "180+1"]
[EndTime "10:18:40 PDT"]
[Termination "sewin16 won on time"]

1. e4 e5 2. Nf3 Nc6 3. Bc4 Nf6 4. d3 Bc5 5. c3 d6 6. O-O a6 7. a4 Ba7 8. Nbd2 O-O 9. h3 h6 10. Re1 Qe7 11. Nf1 Be6 12. Bb3 Bxb3 13. Qxb3 Rab8 14. Be3 Bxe3 15. Nxe3 Qe6 16. Nd5 Na5 17.
Qa2 Ne8 18. b4 Nc6 19. b5 Na5 20. Nb4 axb5 21. Qxe6 fxe6 22. axb5 b6 23. d4 exd4 24. Nxd4 e5 25. Ndc6 Ra8 26. Nd5 Kf7 27. Ra4 Ke6 28. Rea1 Kd7 29. Nxa5 Rxa5 30. Rxa5 bxa5 31. Rxa5 Nf6 32. Ra7 Nxe4 33. Rxc7+ Ke6 34. c4 Nd2 35. Re7+ Kf5 36. Ne3+ Ke4 37. b6 Kd4 38. b7 Nxc4 39. Nf5+ Kd3 40. Nxg7 Rb8 41. Ne6 d5 42. Nc5+ Kd4 43.
Na6 Rxb7 44. Rxb7 e4 45. Rh7 Kc3 46. Rxh6 d4 47. Re6 d3 48. Re8 d2 49. Rd8 Nb2 50. Nc5 Nd3 0-1

[Event "*** SCC Grand Prix: Titled Tuesday Blitz"]
[Site "Chess.com"]
[Date "2020.07.21"]
[Round "2"]
[White "Oneofmyturns"]
[Black "manmanlai1"]
[Result "1/2-1/2"]
[WhiteElo "2729"]
[BlackElo "2496"]
[TimeControl "180+1"]
[EndTime "10:18:41 PDT"]
[Termination "Game drawn by repetition"]

1. d4 d5 2. c4 e6 3. Nc3 a6 4.
Nf3 dxc4 5. a4 Nc6 6. e3 Na5 7. Nd2 c5 8. Nxc4 cxd4 9. exd4 Nxc4 10. Bxc4 Nf6 11. O-O Bb4 12. Bg5 h6 13. Bh4 Be7 14. Bxf6 Bxf6 15. d5 O-O 16. dxe6 Bxe6 17. Bxe6 fxe6 18.
Qb3 Qd7 19. Rad1 Qc6 20. Rfe1 Rae8 21. Ne4 Be7 22. Rc1 Qd5 23. Qb6 Rc8 24. Nc3 Qc6 25. Rxe6 Qxb6 26. Rxb6 Bc5 27. Rxb7 Bxf2+ 28. Kh1 Bd4 29.
h3 Rb8 30. Rd7 Be5 31. Rd5 Bf4 32. Rc2 Bg3 33. Rd1 Rb4 34. Ne2 Be5 35. Nc3 Rc8 36.
Re2 Bxc3 37. bxc3 Rxc3 38. Rd7 Rxa4 39. Ra7 Rc6 40. Kh2 Rg6 41. Rf2 Kh7 42. Re2 Ra5 43. Ra8 Rag5 44. Ra2 h5 45. Ra7 h4 46. Ra8 Rh5 47.
R8xa6 Rxa6 48. Rxa6 Rg5 49. Ra4 Rh5 50. Rg4 g5 51.
Ra4 Kg6 52. Ra6+ Kf5 53. Ra5+ Kg6 54. Kg1 Rh7 55. Ra6+ Kh5 56. Ra8 Rf7 57. Rg8 Kh6 58.
Rh8+ Kg6 59. Ra8 Kh6 60. Ra6+ Kh5 61. Ra5 Rf6 62. Ra4 Kg6 63. Rg4 Kf5 64. Rc4 Re6 65. Kf2 Re4 66. Rc5+ Re5 67. Rc8 Ra5 68. Rf8+ Kg6 69.
Re8 Ra2+ 70. Kf3 Ra3+ 71. Kf2 Ra2+ 72. Kf3 Ra3+ 73. Kf2 Ra2+ 1/2-1/2

[Event "*** SCC Grand Prix: Titled Tuesday Blitz"]
[Site "Chess.com"]
[Date "2020.07.21"]
[Round "2"]
[White "Shushik"]
[Black "kleopl"]
[Result "0-1"]
[WhiteElo "2200"]
[BlackElo "2431"]
[TimeControl "180+1"]
[EndTime "10:18:42 PDT"]
[Termination "kleopl won by resignation"]

1. e4 d5 2. exd5 Qxd5 3. Nc3 Qd6 4. d4 Nf6 5. Nf3 c6 6. Bc4 Bg4 7. Be3 e6 8. h3 Bh5 9. g4 Bg6 10. Ne5 Nd5 11. h4 Nd7 12. h5 Nxc3 13. bxc3 Be4 14.
Nf3 Nb6 15. Bd3 Qd5 16. Bxe4 Qxe4 17. g5 Nd5 18. Rh4 Qf5 19. Kd2 Be7 20. a3 Nxe3 21. fxe3 Bxg5 22. Nxg5 Qxg5 23. Rg4 Qxh5 24. Rxg7 Qxd1+ 25. Rxd1 Ke7 26. Rh1 h5 27. Rg5 Rag8 28. Rgxh5 Rg2+ 29. Kd3 Rhg8 30. R5h2 Rxh2 31. Rxh2 Rg1 32. Rh8 Kd7 33.
Ra8 a6 34. Rb8 Kc7 35. Rf8 Rf1 36. Ke2 Rf6 37. e4 Kb6 38. Kd3 Rf3+ 39. Kd2 Kb5 40. Rb8 b6 41. a4+ Ka5 42. Ra8 Rf2+ 43. Kd3 Rf3+ 44.
Kd2 f5 45. exf5 exf5 46. c4 Rf4 47. d5 Rxc4 48. d6 Rd4+ 49. Ke3 Rxd6 50. Kf4 Rd5 51. c4 Rc5 52. Ra7 Rxc4+ 53. Kxf5 Rxa4 54. Ke5 c5 55.
Kd5 Rd4+ 56. Ke5 Rd1 57. Rc7 Kb5 58. Ke4 a5 0-1

[Event "*** SCC Grand Prix: Titled Tuesday Blitz"]
[Site "Chess.com"]
[Date "2020.07.21"]
[Round "2"]
[White "EvgenyT"]
[Black "Skatchkov_V"]
[Result "1-0"]
[WhiteElo "2922"]
[BlackElo "2582"]
[TimeControl "180+1"]
[EndTime "10:18:43 PDT"]
[Termination "EvgenyT won on time"]

1. c4 e5 2. g3 Nf6 3. Bg2 d5 4. cxd5 Nxd5 5. Nc3 Nb6 6. d3 Be7 7. Be3 O-O 8. Rc1 Re8 9. Nf3 Nc6 10. O-O Be6 11. a3 f6 12. Ne4 Nd4 13. Bxd4 exd4 14.
Nc5 Bd5 15. Qd2 Bf8 16. Rc2 Rb8 17. Rfc1 c6 18. b4 Nd7 19. Qf4 Nxc5 20. bxc5 Bxf3 21. Bxf3 Re5 22. Rc4 Qa5 23. Qxd4 Qxa3 24. Ra1 Qb3 25.
Rxa7 Qb5 26. Rb4 Bxc5 27. Rxb7 Bxd4 28. Rxb8+ Kf7 29. Rb7+ Qxb7 30. Rxb7+ Re7 31. Rxe7+ Kxe7 32. Bxc6 Kd6 33. Be4 h6 34. e3 Bc3 35. Kg2 Ke5 36. f4+ Kd6 37. Kf3 Bd2 38. Bf5 Bc1 39.
d4 Bb2 40. Ke4 Bc1 41. Bg6 Bd2 42. Kd3 Be1 43. e4 Bf2 44. e5+ Ke7 45. Ke4 Bg1 46.
h3 Bh2 47. g4 fxe5 48. fxe5 Bg1 49. d5 Bh2 50. d6+ 1-0